 Dungeon Crawl Stone Soup version 0.21.1 (webtiles) character file.

4947 tidbits the Martial Artist (level 10, 77/77 HPs)
             Began as a Gnoll Transmuter on Feb 3, 2018.
             Quit the game on level 4 of the Dungeon.
             The game lasted 00:24:48 (2510 turns).

tidbits the Martial Artist (Gnoll Transmuter)       Turns: 2510, Time: 00:24:48

Health: 77/77      AC:  7    Str: 14    XL:     10   Next: 52%
Magic:  21/21      EV: 17    Int: 23    God:
Gold:   331        SH:  0    Dex: 16    Spells: 6/24 levels left

rFire    x . .     SeeInvis +   Q - +10 lajatang of Youthful Indiscretion {slice, rF- Int+4}
rCold    . . .     Gourm    .   (shield currently unavailable)
rNeg     . . .     Faith    .   B - +0 robe
rPois    .         Spirit   .   E - +1 helmet
rElec    .         Reflect  .   (no cloak)
rCorr    .         Harm     .   G - +0 pair of gloves
MR       +....                  D - +0 pair of boots
Stlth    +++.......             (no amulet)
HPRegen  0.22/turn              I - ring of see invisible
MPRegen  0.17/turn              P - ring "Can Garr" {MR+ Str+2 Slay+4}

@: no status effects
A: distributed training, fangs 1, strong nose
a: no special abilities


You were on level 4 of the Dungeon.
You were hungry.

You visited 1 branch of the dungeon, and saw 9 of its levels.

You collected 331 gold pieces.

Inventory:

Hand Weapons
 a - a +1 dagger of speed
   (You took it off a kobold on level 3 of the Dungeon)
 e - a +0 short sword
 m - a +0 dagger
 n - a +0 hunting sling
 o - a +2 flail of holy wrath
   (You took it off Edmund on level 4 of the Dungeon)
 v - a +0 rapier
 w - a +1 shortbow of freezing
   (You took it off a centaur on level 6 of the Dungeon)
 J - a +0 war axe
 K - a +3 battleaxe of freezing
   (You found it on level 8 of the Dungeon)
 M - a +4 scimitar of flaming
   (You took it off Erica on level 8 of the Dungeon)
 O - a +3 war axe of pain
   (You took it off a gnoll on level 7 of the Dungeon)
 Q - the +10 lajatang of Youthful Indiscretion (weapon) {slice, rF- Int+4}
   (You found it on level 7 of the Dungeon)

   It inflicts extra damage upon your enemies.
   It affects your intelligence (+4).
   It makes you vulnerable to fire.
 S - a +1 short sword of electrocution
   (You took it off an orc on level 7 of the Dungeon)
Missiles
 f - 150 arrows
 j - 15 stones (quivered)
 C - 8 tomahawks
Armour
 b - a cursed -1 ring mail
 q - a +3 ring mail
 z - a cursed +0 ring mail
 B - a +0 robe (worn)
 D - a +0 pair of boots (worn)
 E - a +1 helmet (worn)
 G - a +0 pair of gloves (worn)
Magical Staves
 N - an uncursed staff of air {unknown}
   (You found it on level 7 of the Dungeon)
Jewellery
 I - a ring of see invisible (left hand)
   (You found it on level 6 of the Dungeon)
 P - the ring "Can Garr" (right hand) {MR+ Str+2 Slay+4}
   (You took it off a gnoll on level 7 of the Dungeon)

   [ring of protection from magic]

   It affects your strength (+2).
   It affects your accuracy and damage with ranged weapons and melee attacks
   (+4).
   It affects your resistance to hostile enchantments.
Wands
 d - a wand of digging (10)
 h - a wand of acid (4)
 A - a wand of paralysis (12)
 H - a wand of clouds (5)
Scrolls
 k - a scroll of random uselessness
 r - 6 scrolls of remove curse
 s - 2 scrolls of fog
Potions
 g - 2 potions of curing
 i - 2 potions of resistance
 l - a potion of brilliance
 t - 3 potions of haste
 u - a potion of cancellation
 x - a potion of degeneration
 F - 2 potions of might {unknown}
 L - a potion of magic {unknown}
Books
 c - a book of Changes

   Spells                             Type                      Level
   a - Beastly Appendage              Transmutation                1
   b - Sticks to Snakes               Transmutation                2
   c - Spider Form                    Transmutation/Poison         3
   d - Ice Form                       Ice/Transmutation            4
   e - Blade Hands                    Transmutation                5
 y - a book of Necromancy
   (You found it on level 7 of the Dungeon)

   Spells                             Type                      Level
   a - Pain                           Necromancy                   1
   b - Animate Skeleton               Necromancy                   1
   c - Vampiric Draining              Necromancy                   3
   d - Regeneration                   Charms/Necromancy            3
   e - Animate Dead                   Necromancy                   4
   f - Borgnjor's Vile Clutch         Necromancy/Earth             5
 R - a Young Poisoner's Handbook
   (You found it on level 7 of the Dungeon)

   Spells                             Type                      Level
   a - Sting                          Conjuration/Poison           1
   b - Poisonous Vapours              Poison/Air                   2
   c - Mephitic Cloud                 Conjuration/Poison/Air       3
   d - Olgreb's Toxic Radiance        Poison                       4
   e - Venom Bolt                     Conjuration/Poison           5
Comestibles
 p - 12 rations


   Skills:
 + Level 6.6 Fighting
 + Level 6.0 Short Blades
 + Level 6.0 Long Blades
 + Level 6.0 Axes
 + Level 6.0 Maces & Flails
 + Level 6.0 Polearms
 + Level 6.0 Staves
 + Level 6.0 Slings
 + Level 6.0 Bows
 + Level 6.0 Crossbows
 + Level 6.0 Throwing
 + Level 6.0 Armour
 + Level 7.6 Dodging
 + Level 6.0 Stealth
 + Level 6.0 Shields
 + Level 9.0 Unarmed Combat
 + Level 7.9 Spellcasting
 + Level 4.9 Conjurations
 + Level 4.9 Hexes
 + Level 4.9 Charms
 + Level 4.9 Summonings
 + Level 4.9 Necromancy
 + Level 4.9 Translocations
 + Level 6.3 Transmutations
 + Level 4.9 Fire Magic
 + Level 4.9 Ice Magic
 + Level 4.9 Air Magic
 + Level 4.9 Earth Magic
 + Level 4.9 Poison Magic
 + Level 6.5 Invocations
 + Level 6.0 Evocations


You had 6 spell levels left.
You knew the following spells:

 Your Spells              Type           Power        Failure   Level  Hunger
e - Beastly Appendage     Tmut           #####.       1%          1    None
h - Blade Hands           Tmut           #####.....   14%         5    #####..
i - Ice Form              Ice/Tmut       #####...     7%          4    ###....
k - Sticks to Snakes      Tmut           #####...     1%          2    None
p - Spider Form           Tmut/Pois      #####.....   1%          3    None
r - Regeneration          Chrm/Necr      ####......   2%          3    None


Dungeon Overview and Level Annotations

Branches:
Dungeon (9/15)               Lair (0/6) D:8
 Temple: D:4-7          Orc: D:9-12

Altars:
Ashenzari
Elyvilon
Makhleb
Xom


Innate Abilities, Weirdness & Mutations

Your experience applies equally to all skills.
You have very sharp teeth.
Your uncanny sense of smell can sniff out nearby items.


Message History

An adder comes into view.
Casting: Blade Hands
Confirm with . or Enter, or press ? or * to list all spells.
Your hands turn into razor-sharp scythe blades.
The +10 lajatang of Youthful Indiscretion {slice, rF- Int+4} melds into your body.
Your +0 pair of gloves melds into your body.
The adder hisses angrily.
You are near starving!
The adder bites you but does no damage.
You hit the adder.
The adder is moderately wounded.
The adder bites you but does no damage.
You closely miss the adder. You slash the adder.
The adder is almost dead.
The adder closely misses you.
You slice the adder!!
You kill the adder!
You see here an adder corpse.
You butcher the adder corpse.
You see here 2 chunks of flesh.
Eat one of 2 chunks of flesh? (ye/n/q)
You eat one of the 2 chunks of flesh.
This raw flesh tastes terrible.
You are feeling hungry.
Eat a chunk of flesh? (ye/n/q)
You eat the chunk of flesh.
This raw flesh tastes terrible.
Found 6 gold pieces.
Found a stone staircase leading up.
You see here 6 gold pieces.
You now have 325 gold pieces (gained 6).
There is a stone staircase leading up here.
You climb upwards.
There is a stone staircase leading down here.
Unknown command.
An adder comes into view.
Your transformation is almost over.
A goblin comes into view.
The helpless adder fails to defend itself.
You slash the adder!
The adder is almost dead.
The adder bites you.
You are poisoned.
The adder poisons you!
You slice the adder!!
You kill the adder!
You feel sick.
You slice the goblin!!
You kill the goblin!
You feel sick.
There is a stone staircase leading down here.
You feel sick.
You climb downwards.
Your hands revert to their normal proportions.
The +10 lajatang of Youthful Indiscretion {slice, rF- Int+4} unmelds from your body.
Your +0 pair of gloves unmelds from your body.
There is a stone staircase leading up here.
Unknown command.
You feel sick.
You feel sick.
You feel sick.
You feel sick.
You are no longer poisoned.
Casting: Blade Hands
Confirm with . or Enter, or press ? or * to list all spells.
Your hands turn into razor-sharp scythe blades.
The +10 lajatang of Youthful Indiscretion {slice, rF- Int+4} melds into your body.
Your +0 pair of gloves melds into your body.
The helpless leopard gecko fails to defend itself.
You shred the leopard gecko!!!
You kill the leopard gecko!
Your transformation is almost over.
Your hands revert to their normal proportions.
The +10 lajatang of Youthful Indiscretion {slice, rF- Int+4} unmelds from your body.
Your +0 pair of gloves unmelds from your body.
Unknown command.
Found a stone staircase leading up.
There is a stone staircase leading up here.
You climb upwards.
A rat and a goblin come into view.
There is a stone staircase leading down here.
A dart slug comes into view.
Found 6 gold pieces.
The helpless rat fails to defend itself.
You chop the rat into pieces!!!
You kill the rat!
The goblin shouts!
You slice the goblin!!
You kill the goblin!
You hit the dart slug. You bite the dart slug.
The dart slug is almost dead.
The dart slug closely misses you.
You slice the dart slug!!
You kill the dart slug!
You see here 6 gold pieces.
You now have 331 gold pieces (gained 6).
There is a stone staircase leading down here.
You climb downwards.
There is a stone staircase leading up here.
Unknown command.
You are feeling hungry.
Are you sure you want to abandon this character and quit the game? (Confirm with "yes".)

#......######.# #......
#...........#.# #######..
#.#...........###.....#.#
#.###.......####........#
#....)........##.......##
#####.......#.##.........
#..)....#...........#
#.......######...##..
####@#### ##.# ### #.# #.
# #.# #. #.# # #.#######
#. #### #.......# #.##...
#######.# #....## #.#
###.... #.# #.###


There were no monsters in sight!

Vanquished Creatures
  Erica (D:8)
  The ghost of Nanban the Carver, a novice DsMo of Okawaru (D:8)
  A hippogriff (D:8)
  A wyvern (D:7)
  Eustachio (D:6)
  A hungry ghost (D:7)
  Edmund (D:4)
  Duvessa (D:6)
  2 orc warriors
  A necrophage (D:8)
  2 ice beasts (D:7)
  4 ogres
  A phantom (D:6)
  3 centaurs
  A crocodile (D:7)
  A bullfrog (D:6)
  A water moccasin zombie (D:6)
  Dowan (D:6)
  A scorpion (D:7)
  The ghost of tidbits the Charmwright, a weakling GnSk (D:4)
  3 wights (D:7)
  2 howler monkeys (D:7)
  3 crimson imps
  A bullfrog zombie (D:7)
  4 orc priests
  A hound (D:4)
  A bullfrog skeleton (D:7)
  An orc wizard (D:7)
  An iguana (D:8)
  3 worker ants
  3 hound skeletons
  3 gnolls (D:7)
  6 adders
  A worm (D:4)
  A dart slug (D:3)
  4 leopard geckos
  5 orcs
  3 bats
  2 giant cockroaches
  4 hobgoblins
  8 jackals
  4 kobolds
  2 quokkas
  2 frilled lizards
  4 goblins
  8 rats
107 creatures vanquished.

Vanquished Creatures (collateral kills)
  A black bear (D:7)
  Terence (D:3)
  A hound zombie (D:7)
  An adder (D:2)
  A giant cockroach (D:2)
  A rat (D:2)
6 creatures vanquished.

Grand Total: 113 creatures vanquished

Notes
Turn   | Place    | Note
-------+----------+-------------------------------------------
     0 | D:1      | tidbits the Gnoll Transmuter began the quest for the Orb.
     0 | D:1      | Reached XP level 1. HP: 17/17 MP: 6/6
   133 | D:2      | Reached XP level 2. HP: 21/23 MP: 5/7
   137 | D:2      | Learned a level 2 spell: Sticks to Snakes
   221 | D:2      | Reached skill level 5 in Spellcasting
   221 | D:2      | Reached XP level 3. HP: 7/28 MP: 0/9
   231 | D:2      | Learned a level 3 spell: Spider Form
   297 | D:1      | Reached skill level 1 in Invocations
   366 | D:3      | Reached skill level 1 in Short Blades
   366 | D:3      | Reached skill level 1 in Long Blades
   366 | D:3      | Reached skill level 1 in Axes
   366 | D:3      | Reached skill level 1 in Maces & Flails
   366 | D:3      | Reached skill level 1 in Polearms
   366 | D:3      | Reached skill level 1 in Staves
   366 | D:3      | Reached skill level 1 in Slings
   366 | D:3      | Reached skill level 1 in Bows
   366 | D:3      | Reached skill level 1 in Crossbows
   366 | D:3      | Reached skill level 1 in Throwing
   366 | D:3      | Reached skill level 1 in Armour
   366 | D:3      | Reached skill level 1 in Stealth
   366 | D:3      | Reached skill level 1 in Shields
   366 | D:3      | Reached skill level 1 in Evocations
   410 | D:3      | Noticed Terence
   462 | D:3      | Reached XP level 4. HP: 21/34 MP: 4/11
   472 | D:3      | Killed Terence
   583 | D:3      | Reached skill level 1 in Conjurations
   583 | D:3      | Reached skill level 1 in Hexes
   583 | D:3      | Reached skill level 1 in Charms
   583 | D:3      | Reached skill level 1 in Summonings
   583 | D:3      | Reached skill level 1 in Necromancy
   583 | D:3      | Reached skill level 1 in Translocations
   583 | D:3      | Reached skill level 1 in Fire Magic
   583 | D:3      | Reached skill level 1 in Ice Magic
   583 | D:3      | Reached skill level 1 in Air Magic
   583 | D:3      | Reached skill level 1 in Earth Magic
   583 | D:3      | Reached skill level 1 in Poison Magic
   604 | D:4      | Noticed Edmund
   618 | D:4      | Killed Edmund
   618 | D:4      | Reached skill level 3 in Fighting
   618 | D:4      | Reached skill level 4 in Transmutations
   618 | D:4      | Reached XP level 5. HP: 30/41 MP: 2/12
   709 | D:5      | Entered Level 5 of the Dungeon
   743 | D:4      | Reached XP level 6. HP: 47/47 MP: 9/13
   762 | D:4      | Found a white marble altar of Elyvilon.
   773 | D:4      | Noticed tidbits's ghost (weakling GnSk)
   787 | D:4      | Killed tidbits's ghost
   787 | D:4      | Reached skill level 2 in Invocations
  1087 | D:6      | Noticed a phantom
  1092 | D:6      | Reached skill level 2 in Short Blades
  1092 | D:6      | Reached skill level 2 in Long Blades
  1092 | D:6      | Reached skill level 2 in Axes
  1092 | D:6      | Reached skill level 2 in Maces & Flails
  1092 | D:6      | Reached skill level 2 in Polearms
  1092 | D:6      | Reached skill level 2 in Staves
  1092 | D:6      | Reached skill level 2 in Slings
  1092 | D:6      | Reached skill level 2 in Bows
  1092 | D:6      | Reached skill level 2 in Crossbows
  1092 | D:6      | Reached skill level 2 in Throwing
  1092 | D:6      | Reached skill level 2 in Armour
  1092 | D:6      | Reached skill level 5 in Dodging
  1092 | D:6      | Reached skill level 2 in Stealth
  1092 | D:6      | Reached skill level 2 in Shields
  1092 | D:6      | Reached skill level 2 in Evocations
  1103 | D:6      | Killed a phantom
  1103 | D:6      | Reached XP level 7. HP: 52/52 MP: 8/15
  1159 | D:6      | Reached skill level 7 in Unarmed Combat
  1189 | D:6      | Noticed Eustachio
  1221 | D:6      | Reached skill level 2 in Conjurations
  1221 | D:6      | Reached skill level 2 in Hexes
  1221 | D:6      | Reached skill level 2 in Charms
  1221 | D:6      | Reached skill level 2 in Summonings
  1221 | D:6      | Reached skill level 2 in Necromancy
  1221 | D:6      | Reached skill level 2 in Translocations
  1221 | D:6      | Reached skill level 2 in Fire Magic
  1221 | D:6      | Reached skill level 2 in Ice Magic
  1221 | D:6      | Reached skill level 2 in Air Magic
  1221 | D:6      | Reached skill level 2 in Earth Magic
  1221 | D:6      | Reached skill level 2 in Poison Magic
  1224 | D:6      | Reached skill level 5 in Fighting
  1224 | D:6      | Reached skill level 5 in Short Blades
  1224 | D:6      | Reached skill level 5 in Long Blades
  1224 | D:6      | Reached skill level 5 in Axes
  1224 | D:6      | Reached skill level 5 in Maces & Flails
  1224 | D:6      | Reached skill level 5 in Polearms
  1224 | D:6      | Reached skill level 5 in Staves
  1224 | D:6      | Reached skill level 5 in Slings
  1224 | D:6      | Reached skill level 5 in Bows
  1224 | D:6      | Reached skill level 5 in Crossbows
  1224 | D:6      | Reached skill level 5 in Throwing
  1224 | D:6      | Reached skill level 5 in Armour
  1224 | D:6      | Reached skill level 6 in Dodging
  1224 | D:6      | Reached skill level 5 in Stealth
  1224 | D:6      | Reached skill level 5 in Shields
  1224 | D:6      | Reached skill level 8 in Unarmed Combat
  1224 | D:6      | Reached skill level 7 in Spellcasting
  1224 | D:6      | Reached skill level 4 in Conjurations
  1224 | D:6      | Reached skill level 4 in Hexes
  1224 | D:6      | Reached skill level 4 in Charms
  1224 | D:6      | Reached skill level 4 in Summonings
  1224 | D:6      | Reached skill level 4 in Necromancy
  1224 | D:6      | Reached skill level 4 in Translocations
  1224 | D:6      | Reached skill level 5 in Transmutations
  1224 | D:6      | Reached skill level 4 in Fire Magic
  1224 | D:6      | Reached skill level 4 in Ice Magic
  1224 | D:6      | Reached skill level 4 in Air Magic
  1224 | D:6      | Reached skill level 4 in Earth Magic
  1224 | D:6      | Reached skill level 4 in Poison Magic
  1224 | D:6      | Reached skill level 5 in Invocations
  1224 | D:6      | Reached skill level 5 in Evocations
  1224 | D:6      | Reached XP level 8. HP: 16/64 MP: 10/18
  1229 | D:6      | Killed Eustachio
  1229 | D:6      | Reached skill level 7 in Dodging
  1272 | D:6      | Learned a level 4 spell: Ice Form
  1278 | D:6      | Learned a level 5 spell: Blade Hands
  1331 | D:6      | Noticed Duvessa
  1331 | D:6      | Noticed Dowan
  1337 | D:6      | Killed Dowan
  1340 | D:6      | Killed Duvessa
  1368 | D:7      | Reached XP level 9. HP: 55/69 MP: 16/19
  1442 | D:7      | Learned a level 3 spell: Regeneration
  1478 | D:7      | Reached skill level 6 in Fighting
  1508 | D:8      | Found a staircase to the Lair.
  1602 | D:8      | Reached skill level 6 in Transmutations
  1602 | D:8      | Reached skill level 6 in Invocations
  1722 | D:8      | Noticed Nanban's ghost (novice DsMo)
  1750 | D:8      | Killed Nanban's ghost
  1750 | D:8      | Reached XP level 10. HP: 59/76 MP: 5/21
  1776 | D:8      | Noticed Erica
  1785 | D:8      | Killed Erica
  1895 | D:7      | Got a vibrating platinum ring
  1896 | D:7      | Identified the ring "Can Garr" {MR+ Str+2 Slay+4} (You took it off a gnoll on level 7 of the Dungeon)
  1920 | D:7      | Got a crystal lajatang
  1921 | D:7      | Identified the +10 lajatang of Youthful Indiscretion {slice, rF- Int+4} (You found it on level 7 of the Dungeon)
  1955 | D:7      | Reached skill level 9 in Unarmed Combat
  1982 | D:7      | Reached skill level 6 in Short Blades
  1982 | D:7      | Reached skill level 6 in Long Blades
  1982 | D:7      | Reached skill level 6 in Axes
  1982 | D:7      | Reached skill level 6 in Maces & Flails
  1982 | D:7      | Reached skill level 6 in Polearms
  1982 | D:7      | Reached skill level 6 in Staves
  1982 | D:7      | Reached skill level 6 in Slings
  1982 | D:7      | Reached skill level 6 in Bows
  1982 | D:7      | Reached skill level 6 in Crossbows
  1982 | D:7      | Reached skill level 6 in Throwing
  1982 | D:7      | Reached skill level 6 in Armour
  1982 | D:7      | Reached skill level 6 in Stealth
  1982 | D:7      | Reached skill level 6 in Shields
  1982 | D:7      | Reached skill level 6 in Evocations
  2026 | D:6      | Found a shattered altar of Ashenzari.
  2077 | D:5      | Found a burning altar of Makhleb.
  2077 | D:5      | Found a shimmering altar of Xom.
  2510 | D:4      | Quit the game

Skill      XL: |  1  2  3  4  5  6  7  8  9 10 |
---------------+-------------------------------+-----
Spellcasting   | 5 7 |  7.9
Invocations    | 1 2 5 6 |  6.5
Short Blades   | 1 2 5 6 |  6.0
Long Blades    | 1 2 5 6 |  6.0
Axes           | 1 2 5 6 |  6.0
Maces & Flails | 1 2 5 6 |  6.0
Polearms       | 1 2 5 6 |  6.0
Staves         | 1 2 5 6 |  6.0
Slings         | 1 2 5 6 |  6.0
Bows           | 1 2 5 6 |  6.0
Crossbows      | 1 2 5 6 |  6.0
Throwing       | 1 2 5 6 |  6.0
Armour         | 1 2 5 6 |  6.0
Stealth        | 1 2 5 6 |  6.0
Shields        | 1 2 5 6 |  6.0
Evocations     | 1 2 5 6 |  6.0
Conjurations   | 1 4 |  4.9
Hexes          | 1 4 |  4.9
Charms         | 1 4 |  4.9
Summonings     | 1 4 |  4.9
Necromancy     | 1 4 |  4.9
Translocations | 1 4 |  4.9
Fire Magic     | 1 4 |  4.9
Ice Magic      | 1 4 |  4.9
Air Magic      | 1 4 |  4.9
Earth Magic    | 1 4 |  4.9
Poison Magic   | 1 4 |  4.9
Fighting       | 3 5 6 |  6.6
Transmutations | 4 5 6 |  6.3
Dodging        | 5 6 7 |  7.6
Unarmed Combat | 8 9 |  9.0

Action                   |  1- 3 |  4- 6 |  7- 9 | 10-12 || total
-------------------------+-------+-------+-------+-------++-------
Melee: Unarmed           |    64 |    49 |    74 |    46 ||   233
       Bite              |     2 |     1 |     2 |     5 ||    10
       Punch             |     1 |       |     2 |     2 ||     5
       Kick              |     3 |       |       |       ||     3
       Headbutt          |     2 |       |       |       ||     2
       Dagger            |       |    11 |    10 |       ||    21
       Lajatang          |       |       |       |     6 ||     6
Throw: Stone             |     1 |       |     1 |       ||     2
 Cast: Beastly Appendage |     7 |       |       |       ||     7
       Sticks to Snakes  |     4 |     7 |     8 |     1 ||    20
       Spider Form       |     4 |     9 |     4 |     1 ||    18
       Blade Hands       |       |       |     6 |     8 ||    14
       Regeneration      |       |       |     1 |     3 ||     4
 Abil: End Transformatio |       |       |     1 |     1 ||     2
Evoke: Wand              |       |     3 |    10 |     5 ||    18
  Use: Scroll            |     3 |     4 |     1 |     2 ||    10
       Potion            |     1 |     1 |     3 |       ||     5
 Stab: Sleeping          |       |     1 |     3 |     3 ||     7
       Paralysed         |       |       |     2 |       ||     2
       Distracted        |       |       |     1 |     1 ||     2
  Eat: Ration            |       |     1 |     1 |       ||     2
       Chunk             |       |     1 |       |     3 ||     4
Armor: Robe              |     8 |     1 |     4 |     6 ||    19
       Skin              |     2 |     2 |     1 |       ||     5
Dodge: Dodged            |    45 |    46 |    61 |    18 ||   170

Table legend:
 A = Turns spent in this place as a percentage of turns spent in the entire game.
 B = Non-inter-level travel turns spent in this place as a percentage of non-inter-level travel turns spent in the entire game.
 C = Inter-level travel turns spent in this place as a percentage of turns spent in this place.
 D = Turns resting spent in this place as a percentage of non-inter-level travel turns spent in this place.
 E = Turns spent auto-exploring this place as a percentage of non-inter-level travel turns spent in this place.
 F = Non-inter-level travel turns spent in this place divided by the number of levels of this place that you've seen.
                   A       B       C       D       E      F
               +-------+-------+-------+-------+-------+----------------------
         Total | 100.0 | 100.0 |   1.2 |   0.0 |   0.0 | 275.7
       Dungeon | 100.0 | 100.0 |   1.2 |   0.0 |   0.0 | 275.7
               +-------+-------+-------+-------+-------+----------------------

Table legend:
 A = Kills in this place as a percentage of kills in entire the game.
 B = Kills by you in this place as a percentage of kills by you in the entire game.
 C = Kills by friends in this place as a percentage of kills by friends in the entire game.
 D = Other kills in this place as a percentage of other kills in the entire game.
 E = Experience gained in this place as a percentage of experience gained in the entire game.
 F = Experience gained in this place divided by the number of levels of this place that you have seen.
                   A       B       C       D       E      F
               +-------+-------+-------+-------+-------+----------------------
         Total | 100.0 | 100.0 | 100.0 |   N/A | 100.0 | 684.6
       Dungeon | 100.0 | 100.0 | 100.0 |   N/A | 100.0 | 684.6
               +-------+-------+-------+-------+-------+----------------------

Vault maps used:
D:1:      onia_arrival_pyramid, minmay_shallow_snake_nest
D:2:      overflow_temple_1_default, first_ration, serial_glass,
          glass_columns_c, glass_columns_a, glass_columns_b, glass_columns_c,
          glass_columns_b, glass_columns_b, glass_columns_c, glass_columns_b
D:3:      nicolae_gozag_cash_rules_everything_around_me,
          uniq_crazy_yiuf_cottage, uniq_terence
D:4:      nicolae_overflow_crystal_walls, minivault_4, uniq_edmund
D:5:      grunt_temple_overflow_champion_of_chaos, tso_altar
D:6:      kennysheep_little_box, lemuel_crystal_altar,
          minmay_temple_entry_glassed_door, uniq_duvessa, uniq_eustachio
D:7:      minmay_the_grid_four_pointed_star
D:8:      lemuel_zombie_altar_yredelemnul, lair_entry_dummy, uniq_erica
D:9:      uniq_prince_ribbit1, uniq_joseph, uniq_psyche
